 Dungeon Crawl Stone Soup version 0.27.1-4-g1640c2035a (webtiles) character file.

Game seed: 7540055414665572822

1612 Nixze the Skirmisher (level 8, 0/58 HPs)
             Began as an Octopode Conjurer on Nov 17, 2021.
             Slain by Edmund (11 damage)
             ... on level 5 of the Dungeon.
             The game lasted 00:18:45 (9185 turns).

Nixze the Skirmisher (Octopode Conjurer)            Turns: 9185, Time: 00:18:45

Health: 0/58       AC:  1    Str:  6    XL:     8   Next: 95%
Magic:  15/15      EV: 14    Int: 22    God:
Gold:   235        SH:  0    Dex: 11    Spells: 10/17 levels left

rFire    . . .     SeeInvis .   d - staff of air
rCold    . . .     Faith    .   (no shield)
rNeg     . . .     Spirit   .   (helmet restricted)
rPois    .         Reflect  .   (no amulet)
rElec    +         Harm     .   r - ring of willpower
rCorr    .         Rampage  .   (no ring)
Will     +....                  (no ring)
Stlth    ++++......             (no ring)
HPRegen  0.19/turn              (no ring)
MPRegen  0.14/turn              (no ring)
                                (no ring)
                                (no ring)

@: no status effects
A: almost no armour, amphibious, 8 rings, camouflage 1, gelatinous body 1,
(nimble swimmer 1), tentacles
a: no special abilities


You were on level 5 of the Dungeon.
You visited 1 branch of the dungeon, and saw 6 of its levels.

You collected 235 gold pieces.

Inventory:

Hand Weapons
 f - a +0 dagger
Missiles
 b - 124 stones
 u - a throwing net
Magical Staves
 d - a staff of air (weapon)
Jewellery
 m - an amulet of guardian spirit
 r - a ring of willpower (left tentacle)
 t - an amulet of regeneration
Wands
 v - a wand of mindburst (12)
Scrolls
 g - 4 scrolls of teleportation {unknown}
 h - a scroll of vulnerability {unknown}
 k - 2 scrolls of identify {unknown}
 l - a scroll of amnesia {unknown}
 n - 2 scrolls of acquirement {unknown}
 q - 3 scrolls of noise {unknown}
 s - a scroll of immolation {unknown}
 w - 2 scrolls of magic mapping {unknown}
Potions
 a - a potion of experience {unknown}
 c - a potion of magic {unknown}
 e - a potion of cancellation {unknown}
 i - a potion of brilliance {unknown}
 j - a potion of degeneration {unknown}
 p - 2 potions of curing {unknown}
 x - a potion of heal wounds {unknown}
 z - a potion of might {unknown}
 A - 2 potions of attraction {unknown}


   Skills:
 + Level 6.5 Fighting
 - Level 5.0 Dodging
 - Level 5.0 Stealth
 - Level 5.0 Spellcasting
 - Level 6.0 Conjurations


You had 10 spell levels left.
You knew the following spells:

 Your Spells              Type           Power      Damage    Failure   Level
a - Magic Dart            Conj           100%       1d8       1%          1
b - Searing Ray           Conj           62%        3d5       1%          2
c - Fulminant Prism       Conj/Hex       9%         3d7       28%         4

Your spell library contained the following spells:

 Spells                   Type           Power      Damage    Failure   Level
 Dazzling Flash           Conj/Hex       36%        N/A       9%          3
 Iskenderun's Mystic Bla  Conj/Tloc      18%        2d6       28%         4


Dungeon Overview and Level Annotations

Branches:
Dungeon (6/15)
 Temple: D:4-7

Altars:
Gozag

Shops:
D:3 (   D:4 *

Annotations:
D:5 Edmund


Innate Abilities, Weirdness & Mutations

You cannot wear most types of armour.
You are amphibious.
You can wear up to eight rings at the same time.
Your skin changes colour to match your surroundings (Stealth+).
Your rubbery body absorbs attacks. (AC +1, EV +1)
((You are camouflaged near water. (Stealth+)))
You have tentacles for arms and can constrict up to eight enemies at once.


Message History

Here: Edmund, wielding a +3 flail of protection and wearing a +0 chain mail (moderately wounded)
The floor.
Unknown command.
Unknown command.
Unknown command.
Unknown command.
Edmund says, "People think my brother is the best.
I think he's crazy."
Edmund says, "You wouldn't believe how much I paid for this flail."
There is a stone staircase leading up, spattered with blood here.
Edmund says, "You wouldn't believe how much I paid for this flail."
Edmund hits you but does no damage.
You climb upwards.
There is a stone staircase leading down here.
Edmund closely misses you.
Edmund says, "A flail is better than a scythe, any day of the week!"
Edmund hits you with a +3 flail of protection!
* * * LOW HITPOINT WARNING * * *
Edmund misses you.
Edmund says, "People think my brother is the best.
I think he's crazy."
There is an escape hatch in the ceiling here.
There is an escape hatch in the ceiling here.
Okay, then.
Unknown command.
Edmund hits you with a +3 flail of protection.
* * * LOW HITPOINT WARNING * * *
Aiming: Mindburst
Press: ? - help, Shift-Dir - straight line, f - Edmund
Aim: Edmund, wielding a +3 flail of protection and wearing a +0 chain mail (moderately wounded, chance to affect: 65%) Edmund struggles to resist.
Aiming: Mindburst
Press: ? - help, Shift-Dir - straight line, f/p - Edmund
Aim: Edmund, wielding a +3 flail of protection and wearing a +0 chain mail (moderately wounded, chance to affect: 65%) Edmund's mind is blasted!!
Edmund barely misses you.
Aiming: Mindburst
Press: ? - help, Shift-Dir - straight line, f/p - Edmund
Aim: Edmund, wielding a +3 flail of protection and wearing a +0 chain mail (severely wounded, chance to affect: 65%) Edmund struggles to resist.
Edmund says, "People accused me of being a cutpurse!"
Edmund hits you with a +3 flail of protection!
You die...

......>...................#.# #..
..........................#.###..
#.#...######...<#.#.......#......
#.....# #....#.#(......#####..
.....## #....#.#######[# ###
###.## #....#.# #.# ....####
###......# #.# #......#
#.....@### #.####### #.#....#
#.#....@.# #.#......
#......###.#.#..#.# #####........
#............#..#.# #............
#......###.#.#..#.# #.####.......
#......##.......#.###.####.......
####.####...........<...##.......
#.# #.##.....####.#.##.......
#.## #.####..## #.#.##.######
#..###.####..#####......#


You could see Edmund.

Vanquished Creatures
  Pikel (D:5)
  Menkaure (D:5)
  Duvessa (D:6)
  A phantom (D:3)
  A lemure (D:6)
  A scorpion (D:5)
  2 water moccasin zombies (D:5)
  Dowan (D:6)
  A bullfrog zombie (D:5)
  A centaur zombie (D:5)
  2 orc priests
  A hound (D:4)
  A bullfrog skeleton (D:6)
  A centaur skeleton (D:5)
  2 iguanas
  A scorpion zombie (D:5)
  Natasha (thrice) (D:2)
  4 orc wizards
  A hound skeleton (D:4)
  6 gnolls
  3 adders
  5 worms
  4 dart slugs
  11 orcs
  10 ball pythons
  4 bats
  6 endoplasms
  2 giant cockroaches
  2 hobgoblins
  6 quokkas
  3 frilled lizards
  13 goblins
  7 kobolds
  3 rats
112 creatures vanquished.

Vanquished Creatures (others)
  3 fulminant prisms
3 creatures vanquished.

Grand Total: 115 creatures vanquished

Notes
Turn   | Place    | Note
-------+----------+-------------------------------------------
     0 | D:1      | Nixze the Octopode Conjurer began the quest for the Orb.
     0 | D:1      | Reached XP level 1. HP: 11/11 MP: 3/3
    91 | D:1      | Reached skill level 1 in Fighting
   153 | D:1      | Reached XP level 2. HP: 18/18 MP: 1/5
   621 | D:1      | Found a faded altar of an unknown god.
   716 | D:1      | Learned a level 2 spell: Searing Ray
  1219 | D:2      | Reached XP level 3. HP: 25/25 MP: 3/6
  1267 | D:2      | Noticed Natasha
  2050 | D:2      | Killed Natasha
  2051 | D:2      | Reached XP level 4. HP: 18/31 MP: 0/8
  2408 | D:2      | Found an opulent altar of Gozag.
  2545 | D:2      | Noticed Natasha
  2552 | D:2      | Killed Natasha
  2560 | D:2      | Noticed Natasha
  2625 | D:2      | Killed Natasha
  2626 | D:2      | Reached XP level 5. HP: 36/36 MP: 2/10
  2916 | D:3      | Found Yxicsiy's Weapon Shop.
  2966 | D:3      | Noticed a phantom
  3314 | D:3      | Killed a phantom
  3315 | D:3      | Reached XP level 6. HP: 32/42 MP: 2/12
  4063 | D:4      | Reached skill level 5 in Spellcasting
  4274 | D:4      | Found Mitwas's Lightly-Used Armoury.
  4905 | D:5      | Entered Level 5 of the Dungeon
  4994 | D:5      | Reached skill level 5 in Conjurations
  5040 | D:5      | Learned a level 4 spell: Fulminant Prism
  5078 | D:5      | Reached XP level 7. HP: 13/46 MP: 14/14
  6286 | D:5      | Noticed Menkaure
  6392 | D:5      | Killed Menkaure
  6393 | D:5      | Reached skill level 5 in Fighting
  6613 | D:6      | Reached XP level 8. HP: 47/55 MP: 9/15
  6721 | D:6      | Noticed Duvessa
  6722 | D:6      | Noticed Dowan
  7188 | D:6      | Noticed Pikel
  7233 | D:6      | Killed Duvessa
  7796 | D:5      | Killed Pikel
  7797 | D:5      | Reached skill level 5 in Dodging
  7797 | D:5      | Reached skill level 5 in Stealth
  8599 | D:6      | Killed Dowan
  8705 | D:6      | Noticed Edmund
  9185 | D:5      | Slain by Edmund

Illustrated notes

Levels and vault maps discovered:
D:1:      dpeg_arrival_yet_another_circle, layout_basic, basic_ecumenical_altar,
          minmay_shallow_snake_nest
D:2:      layout_loops_ring, basic_altar, minmay_misc_feat_columns,
          glass_columns_a, uniq_natasha
D:3:      layout_loops_ring, serial_shops, nicolae_shop_statue_plus,
          bh_walls_and_bars
D:4:      layout_rooms, minmay_shop_damaged
D:5:      layout_loops_cross, kennysheep_another_room,
          minmay_misc_feat_ornament, amcnicky_mini_corridor_feature,
          uniq_menkaure
D:6:      cheibrodos_quashed, layout_basic, grunt_temple_overflow_open,
          enter_ossuary_3, uniq_pikel, uniq_edmund, uniq_duvessa

Skill      XL: |  1  2  3  4  5  6  7  8 |
---------------+-------------------------+-----
Fighting       | 1 2 3 5 6 |  6.5
Stealth        | 3 5 |  5.0
Spellcasting   | 3 4 5 |  5.0
Conjurations   | 5 6 |  6.0
Dodging        | 5 |  5.0

Action                   |  1- 3 |  4- 6 |  7- 9 || total
-------------------------+-------+-------+-------++-------
Melee: Staff             |     8 |    29 |    23 ||    60
       Constrict         |     3 |     4 |     4 ||    11
       Tentacles         |     1 |     5 |     5 ||    11
 Cast: Magic Dart        |    74 |   114 |    83 ||   271
       Searing Ray       |     1 |     7 |    21 ||    29
       Fulminant Prism   |       |       |     3 ||     3
Evoke: Wand              |       |       |     3 ||     3
  Use: Scroll            |     1 |       |     1 ||     2
       Potion            |       |       |     1 ||     1
 Stab: Sleeping          |     1 |       |       ||     1
Armor: Skin              |     1 |     2 |     4 ||     7
Dodge: Dodged            |    13 |    45 |    43 ||   101
